 Dungeon Crawl Stone Soup version 0.28-a0-1447-ga5a8893891 (webtiles) character file.

Game seed: 14105606328288265031

133 croobank the Insei (level 4, -1/37 HPs)
             Began as a Draconian Transmuter on Jan 10, 2022.
             Slain by an orc wizard (2 damage)
             ... on level 4 of the Dungeon.
             The game lasted 00:10:55 (2401 turns).

croobank the Insei (Draconian Transmuter)           Turns: 2401, Time: 00:10:56

Health: -1/37      AC:  6    Str: 13    XL:     4   Next: 93%
Magic:  8/8        EV: 12    Int: 13    God:
Gold:   154        SH:  0    Dex: 13    Spells: 5/8 levels left

rFire   . . .      SeeInvis .   a - +2 dagger of Culocrek {drain, *Rage rElec rPois Will+++}
rCold   . . .      Faith    .   (no shield)
rNeg    . . .      Spirit   .   (armour unavailable)
rPois   +          Reflect  .   (helmet currently unavailable)
rElec   +          Harm     .   (no cloak)
rCorr   .          Rampage  .   m - +0 pair of gloves
Will    +++..      Rage     20% (boots currently unavailable)
Stlth   +.........              (no amulet)
HPRegen 0.12/turn               (no ring)
MPRegen 0.11/turn               (no ring)

@: appendages (expiring), on berserk cooldown, slowed, very slow
A: horns 2, talons 2, AC +5, unfitting armour, cold-blooded
a: End Transformation


You were on level 4 of the Dungeon.
You had temporarily grown beastly horns and talons.
You visited 1 branch of the dungeon, and saw 4 of its levels.

You collected 154 gold pieces.

Inventory:

Hand Weapons
 a - the +2 dagger of Culocrek (weapon) {drain, *Rage rElec rPois Will+++}
   (You found it on level 3 of the Dungeon)

   A truly terrible weapon, it drains the life of any living foe it strikes.
   rElec:     It insulates you from electricity.
   rPois:     It protects you from poison.
   *Rage:     It berserks you when you make melee attacks (+20% chance).
   Will:      It greatly increases your willpower.
 b - a +0 hunting sling
 l - a +2 hand axe of venom
 p - a +3 dagger
Missiles
 c - 7 boomerangs (quivered)
 e - 83 stones
 g - 16 bolts
Armour
 m - a +0 pair of gloves (worn)
 o - a +1 hat (melded)
Wands
 q - a wand of iceblast (6)
Scrolls
 d - a scroll of identify
 h - 2 scrolls of immolation {unknown}
 i - a scroll of amnesia {unknown}
Potions
 f - 2 potions of curing
 j - a potion of cancellation {unknown}
 k - a potion of might {unknown}
 n - a potion of haste


   Skills:
 + Level 2.4 Fighting
 + Level 0.3 Short Blades
 - Level 1.4 Axes
 + Level 2.5 Dodging
 - Level 3.0 Unarmed Combat
 + Level 2.7 Spellcasting
 + Level 2.9 Transmutations


You had 5 spell levels left.
You knew the following spells:

 Your Spells              Type           Power      Damage    Failure   Level
a - Beastly Appendage     Tmut           18%        N/A       7%          1
b - Wereblood             Tmut           9%         N/A       11%         2

Your spell library contained the following spells:

 Spells                   Type           Power      Damage    Failure   Level
 Spider Form              Tmut/Pois      5%         N/A       36%         3
 Ice Form                 Ice/Tmut       5%         N/A       78%         4


Dungeon Overview and Level Annotations

Branches:
Dungeon (4/15)
 Temple: D:4-7

Altars:
Cheibriados
Trog
Zin


Innate Abilities, Weirdness & Mutations

You have temporarily grown beastly horns and talons.
Your plain brown scales are hard. (AC +5)
You cannot fit into any form of body armour.
You are cold-blooded and may be slowed by cold attacks.


Message History

The boomerang hits you but does no damage.
You are no longer berserk.
You are exhausted.
You feel yourself slow down.
The orc throws a boomerang.
The boomerang hits you.
The orc wizard hits you but does no damage.
The orc throws a boomerang.
The boomerang hits you.
Your transformation is almost over.
The orc wizard barely misses you. The orc hits you but does no damage.
The orc throws a boomerang.
The boomerang barely misses you. The orc wizard closely misses you.
You hit the orc wizard.
The orc wizard is moderately wounded.
The orc hits you with a +0 short sword.
The orc wizard hits you but does no damage.
The orc hits you with a +0 short sword.
You closely miss the orc wizard.
The orc wizard is moderately wounded.
The orc wizard gestures at you while chanting.
The puff of flame hits you! The orc barely misses you.
The orc hits you with a +0 dagger.
The orc wizard hits you but does no damage.
You hit the orc wizard. You drain the orc wizard.
You claw the orc wizard, but do no damage.
Your headbutt misses the orc wizard. You tail-slap the orc wizard.
The orc wizard is severely wounded.
The orc hits you with a +0 short sword.
* * * LOW HITPOINT WARNING * * *
The orc misses you. The orc wizard casts a spell at you.
The magic dart hits you.
* * * LOW HITPOINT WARNING * * *
The orc hits you with a +0 short sword.
* * * LOW HITPOINT WARNING * * *
The orc hits you but does no damage.
As you read the scroll labelled NUGIEH AM XUKA, it crumbles to dust.
It is a scroll of identify.
f - 2 potions of curing The orc wizard hits you with a +1 vampiric dagger.
You die...

.#..######## .#
#..........# ..#
###..#####.### ..#
....#..)...).#####..#
####.#####..........#
# #.# ##<#.###...#.#
#.# #.###........#.
#.# #.# ##.oo......
..# ## #..@o......
### #.###.?.##.. #..
...# ## ####


You could see an orc wizard (drained) and 2 orcs.

Vanquished Creatures
  An iguana (D:3)
  3 adders
  3 worms (D:3)
  2 dart slugs
  An orc (D:4)
  6 ball pythons
  7 bats
  5 endoplasms
  7 giant cockroaches
  5 goblins
  4 hobgoblins
  2 quokkas
  4 frilled lizards
  9 kobolds
  11 rats
70 creatures vanquished.

Notes
Turn   | Place    | Note
-------+----------+-------------------------------------------
     0 | D:1      | croobank the Draconian Transmuter began the quest for the
                  | Orb.
     0 | D:1      | Reached XP level 1. HP: 16/16 MP: 3/3
    88 | D:1      | Reached XP level 2. HP: 23/23 MP: 3/5
   532 | D:1      | Learned a level 2 spell: Wereblood
   908 | D:2      | Reached XP level 3. HP: 29/29 MP: 4/6
   957 | D:2      | Reached skill level 1 in Axes
  1083 | D:2      | Found a faded altar of an unknown god.
  1633 | D:3      | Reached XP level 4. HP: 36/36 MP: 5/7
  1667 | D:3      | Found a snail-covered altar of Cheibriados.
  1820 | D:3      | Found a glowing silver altar of Zin.
  1820 | D:3      | Noticed an angel
  1901 | D:3      | Noticed a moth of wrath
  1904 | D:3      | Found a bloodstained altar of Trog.
  1929 | D:3      | Identified the +2 dagger of Culocrek {drain, *Rage rElec
                  | rPois Will+++}
  2400 | D:4      | HP: 1/37 [orc (1)]
  2401 | D:4      | Slain by an orc wizard

Illustrated notes

Levels and vault maps discovered:
D:1:      scummos_arrival_hexagon, layout_rooms, minmay_worlds_worst_comb
D:2:      layout_basic, basic_ecumenical_altar
D:3:      layout_basic, tgw_trog, kennysheep_slug_shrine, zin_angel,
          grunt_decor_fettered, minivault_26
D:4:      layout_loops_ring, lemuel_temple_firewalk_b, uniq_duvessa,
          uniq_eustachio

Skill      XL: |  1  2  3 |
---------------+----------+-----
Dodging        | 2 |  2.5
Axes           | 1 |  1.4
Fighting       | 2 |  2.4
Short Blades   | |  0.3
Unarmed Combat | |  3.0
Spellcasting   | |  2.7
Transmutations | |  2.9

Action                   |  1- 3 |  4- 6 || total
-------------------------+-------+-------++-------
Melee: Unarmed           |    78 |       ||    78
       Kick              |    13 |     9 ||    22
       Headbutt          |     8 |     6 ||    14
       Punch             |     2 |     1 ||     3
       Tailslap          |    16 |     2 ||    18
       Hand axe          |    35 |    30 ||    65
       Dagger            |       |    24 ||    24
 Cast: Beastly Appendage |    19 |    11 ||    30
       Wereblood         |       |     2 ||     2
  Use: Scroll            |       |     1 ||     1
 Stab: Sleeping          |     3 |       ||     3
Armor: Skin              |    33 |    16 ||    49
Dodge: Dodged            |    71 |    38 ||   109

Table legend: (Time is in decaauts)
 A = Elapsed time spent in this place.
 B = Non-inter-level travel time spent in this place.
 C = Inter-level travel time spent in this place.
 D = Time resting spent in this place.
 E = Time spent auto-exploring this place.
 F = Levels seen in this place.
 G = Mean time per level.
                   A        B        C        D        E       F      G
               +--------+--------+--------+--------+--------+-----+--------+
         Total |   2441 |   2365 |     76 |    141 |   1589 |   4 |  610.2 |
       Dungeon |   2441 |   2365 |     76 |    141 |   1589 |   4 |  610.2 |
               +--------+--------+--------+--------+--------+-----+--------+

Top non-repeatable levels by time:
     D:3: 866 daAuts
     D:2: 785 daAuts
     D:1: 615 daAuts
     D:4: 175 daAuts
